 Dungeon Crawl Stone Soup version 0.27-a0-1287-gca74d27db6 (webtiles) character file.

Game seed: 13517031074144768243

550 lunkers the Gusty (level 7, -1/36 HPs)
             Began as a Deep Elf Air Elementalist on June 14, 2021.
             Slain by a gnoll (2 damage)
             ... on level 5 of the Dungeon.
             The game lasted 00:12:39 (5430 turns).

lunkers the Gusty (Deep Elf Air Elementalist)       Turns: 5430, Time: 00:12:39

Health: -1/36      AC:  3    Str:  5    XL:     7   Next: 7%
Magic:  16/16      EV: 12    Int: 22    God:
Gold:   211        SH:  0    Dex: 15    Spells: 6/16 levels left

rFire    + . .     SeeInvis .   a - +9 long sword of Instinct {flame, rC+ Will+}
rCold    + . .     Faith    .   (no shield)
rNeg     + . .     Spirit   .   p - +1 robe
rPois    .         Reflect  .   (no helmet)
rElec    .         Harm     .   (no cloak)
rCorr    .         Rampage  .   (no gloves)
Will     +....                  (no boots)
Stlth    ++........             (no amulet)
HPRegen  0.12/turn              b - ring of protection from fire
MPRegen  0.15/turn              c - ring of positive energy

@: no status effects
A: no striking features
a: no special abilities


You were on level 5 of the Dungeon.
You visited 1 branch of the dungeon, and saw 5 of its levels.

You collected 211 gold pieces.

Inventory:

Hand Weapons
 a - the +9 long sword of Instinct (weapon) {flame, rC+ Will+}
   (You found it on level 4 of the Dungeon)

   It has been specially enchanted to burn those struck by it, causing extra
   injury to most foes and up to half again as much damage against particularly
   susceptible opponents.
   Big, fiery blades are also staple armaments of hydra-hunters.
   It protects you from cold.
   It increases your willpower.
 m - a +2 hand axe of freezing
Armour
 p - a +1 robe (worn)
Jewellery
 b - a ring of protection from fire (left hand)
 c - a ring of positive energy (right hand)
Scrolls
 e - a scroll of fog {unknown}
 f - a scroll of magic mapping
 h - a scroll of vulnerability {unknown}
 i - a scroll of blinking
 j - 2 scrolls of enchant armour
 k - a scroll of torment {unknown}
 o - 2 scrolls of identify {unknown}
 r - a scroll of immolation {unknown}
Potions
 d - 2 potions of curing {unknown}
 g - a potion of flight {unknown}
 l - a potion of lignification {unknown}
 n - a potion of degeneration {unknown}
 q - a potion of ambrosia
 s - a potion of attraction {unknown}


   Skills:
 - Level 2.4 Dodging
 - Level 2.4 Stealth
 + Level 5.2 Spellcasting
 * Level 5.2 Conjurations
 * Level 5.6 Air Magic


You had 6 spell levels left.
You knew the following spells:

 Your Spells              Type           Power      Damage    Failure   Level
a - Shock                 Conj/Air       100%       1d9       1%          1
b - Static Discharge      Conj/Air       29%        N/A       1%          2
c - Swiftness             Air            30%        N/A       3%          3
d - Airstrike             Air            15%        N/A       10%         4

Your spell library contained the following spells:

 Spells                   Type           Power      Damage    Failure   Level
 Confusing Touch          Hex            5%         N/A       30%         3
 Gell's Gravitas          Tloc           2%         N/A       30%         3
 Lightning Bolt           Conj/Air       14%        1d28      30%         5
 Petrify                  Tmut/Erth      5%         N/A       69%         4
 Metabolic Englaciation   Hex/Ice        2%         N/A       95%         5
 Yara's Violent Unravell  Hex/Tmut       2%         3d3       95%         5


Dungeon Overview and Level Annotations

Branches:
Dungeon (5/15)
 Temple: D:4-7

Altars:


Message History

Casting: Airstrike (quite dangerous; 10% risk of failure)
Confirm with . or Enter, or press ? or * to list all spells.
The spell is quite dangerous to cast (10% risk of failure)!
Continue anyway?
Aiming: Airstrike (quite dangerous; 10% risk of failure)
Press: ? - help, Dir - move target, f/p - gnoll
Aim: a gnoll, wielding a +0 spear and wearing a +0 ring mail (heavily wounded)
The air twists around and strikes the gnoll.
The gnoll is severely wounded.
* * * LOW MAGIC WARNING * * *
The centaur shoots an arrow.
The arrow completely misses you. The gnoll hits you but does no damage.
Unknown command.
Found a stone staircase leading down.
The centaur shoots an arrow.
The arrow hits you!
The centaur shoots an arrow.
The arrow barely misses you.
The gnoll hits you from afar with a +0 spear.
There is a stone staircase leading up here.
The gnoll hits you but does no damage.
You climb upwards.
There is a stone staircase leading down here.
You start resting.
Your magical contamination has completely faded away.
You start resting.
HP restored.
You start resting.
Magic restored.
You climb downwards.
The centaur shoots an arrow.
The arrow barely misses you.
The centaur shoots an arrow.
The arrow closely misses you.
The centaur shoots an arrow.
The arrow hits you.
There is a stone staircase leading up here.
Unknown command.
The gnoll hits you from afar with a +0 spear.
The gnoll barely misses you.
The centaur shoots an arrow.
The arrow hits you!
* * * LOW HITPOINT WARNING * * *
The centaur shoots an arrow.
The arrow hits you!
* * * LOW HITPOINT WARNING * * *
The gnoll hits you from afar with a +0 spear.
* * * LOW HITPOINT WARNING * * *
The gnoll hits you from afar with a +0 spear.
You die...

.. #.## #.......# .####..#
#.......# .^....# #.##.##.#
.#.#..####.##.<..#
#######.#......##.#####.#
#gc)..?......#.##.#####...
##g##......##gc..#.......###
##..##g##..........########
#..# ##. ....... ...#.# #.


You could see a centaur, 2 gnolls and a centaur skeleton.

Vanquished Creatures
  A black bear (D:4)
  A centaur (D:5)
  A jelly (D:4)
  A gnoll shaman (D:3)
  An iguana (D:4)
  9 gnolls
  A howler monkey skeleton (D:4)
  6 adders
  An ufetubus (D:4)
  An adder skeleton (D:4)
  3 worms
  2 dart slugs
  9 orcs
  4 endoplasms
  5 giant cockroaches
  6 goblins
  10 hobgoblins
  21 jackals
  3 quokkas
  9 ball pythons
  7 bats
  5 frilled lizards
  7 kobolds
  A rat (D:1)
115 creatures vanquished.

Notes
Turn   | Place    | Note
-------+----------+-------------------------------------------
     0 | D:1      | lunkers the Deep Elf Air Elementalist began the quest for
                  | the Orb.
     0 | D:1      | Reached XP level 1. HP: 10/10 MP: 6/6
   239 | D:1      | Reached XP level 2. HP: 15/15 MP: 4/8
  1025 | D:2      | Reached XP level 3. HP: 19/19 MP: 4/9
  1028 | D:2      | Learned a level 2 spell: Static Discharge
  1032 | D:2      | Learned a level 3 spell: Swiftness
  1675 | D:2      | Found a faded altar of an unknown god.
  1746 | D:2      | Reached XP level 4. HP: 17/24 MP: 3/11
  2322 | D:3      | Learned a level 4 spell: Airstrike
  2351 | D:3      | Reached XP level 5. HP: 26/28 MP: 3/13
  3411 | D:4      | Identified the +9 long sword of Instinct {flame, rC+ Will+}
  3588 | D:4      | Reached XP level 6. HP: 32/32 MP: 8/14
  3804 | D:4      | Reached skill level 5 in Air Magic
  4339 | D:4      | Reached skill level 5 in Spellcasting
  4768 | D:5      | Entered Level 5 of the Dungeon
  4774 | D:5      | Reached skill level 5 in Conjurations
  4774 | D:5      | Reached XP level 7. HP: 4/36 MP: 7/16
  5430 | D:5      | HP: 1/36 [gnoll (4)]
  5430 | D:5      | Slain by a gnoll

Illustrated notes

Levels and vault maps discovered:
D:1:      lightli_arrival_noodles, layout_basic
D:2:      layout_basic, hellmonk_ecumenical_altar_dog_temple, kennysheep_nub
D:3:      layout_basic, wander_ebering_terrifying_dragon_lair
D:4:      layout_cave_pools, kennysheep_generic_room_4
D:5:      layout_loops_cross, cheibrodos_worm_habitat, old_standard_altar,
          general_overflow_altar

Skill      XL: |  1  2  3  4  5  6 |
---------------+-------------------+-----
Conjurations   | 2 3 4 5 |  5.2
Air Magic      | 4 5 |  5.6
Spellcasting   | 4 5 |  5.2
Dodging        | |  2.4
Stealth        | |  2.4

Action                   |  1- 3 |  4- 6 |  7- 9 || total
-------------------------+-------+-------+-------++-------
Melee: Hand axe          |       |     2 |       ||     2
       Long sword        |       |     3 |       ||     3
 Cast: Shock             |    95 |   129 |       ||   224
       Static Discharge  |       |    31 |     2 ||    33
       Airstrike         |       |       |     3 ||     3
  Use: Potion            |     1 |       |       ||     1
       Scroll            |       |     3 |       ||     3
Armor: Robe              |    17 |     8 |     2 ||    27
Dodge: Dodged            |    28 |    44 |    13 ||    85
       Rpst.: Long sword |       |     2 |     1 ||     3

Table legend: (Time is in decaauts)
 A = Elapsed time spent in this place.
 B = Non-inter-level travel time spent in this place.
 C = Inter-level travel time spent in this place.
 D = Time resting spent in this place.
 E = Time spent auto-exploring this place.
 F = Levels seen in this place.
 G = Mean time per level.
                   A        B        C        D        E       F      G
               +--------+--------+--------+--------+--------+-----+--------+
         Total |   5436 |   5255 |    181 |   1305 |   3251 |   5 | 1087.2 |
       Dungeon |   5436 |   5255 |    181 |   1305 |   3251 |   5 | 1087.2 |
               +--------+--------+--------+--------+--------+-----+--------+

Top non-repeatable levels by time:
     D:4: 1686 daAuts
     D:3: 1272 daAuts
     D:2: 1248 daAuts
     D:1: 1046 daAuts
     D:5: 183 daAuts
